| TOP OF THE 1ST |
|
Pittsburgh Pirates batting - Pitching for Philadelphia (CL) Phillies : RHP Johnny Cueto
|
|
Pitching: RHP Johnny Cueto
|
|
|
Batting: LHB Clyde Milan
|
0-0: Called Strike 0-1: Ball 1-1: Foul Ball, location: 2F 1-2: Ball 2-2: Fly out, F5 (Line Drive, 5, EV 70.6 MPH)
|
|
Batting: RHB Creepy Crespi
|
0-0: Called Strike 0-1: Called Strike 0-2: Strikes out looking
|
|
Batting: RHB Frank Robinson
|
0-0: Swinging Strike 0-1: Fly out, F2 (Popup, 23F, EV 85.6 MPH)
|
| Top of the 1st over - 0 runs, 0 hits, 0 errors, 0 left on base; Pittsburgh 0 - Philadelphia (CL) 0 |
| BOTTOM OF THE 1ST |
|
Philadelphia (CL) Phillies batting - Pitching for Pittsburgh Pirates : RHP Lee Meadows
|
|
Pitching: RHP Lee Meadows
|
|
|
Batting: LHB Omar Moreno
|
0-0: Called Strike 0-1: Fly out, F6 (Popup, 6M, EV 78.1 MPH)
|
|
Batting: RHB Dave Cash
|
0-0: Foul Ball, location: 2F 0-1: Ground out 6-3 (Groundball, 6S, EV 78.8 MPH)
|
|
Batting: LHB Greasy Neale
|
0-0: Ball 1-0: Swinging Strike 1-1: Foul Ball, location: 2F 1-2: Ball 2-2: Foul Ball, location: 2F 2-2: Fly out, F9 (Flyball, 9S, EV 86.3 MPH)
|
| Bottom of the 1st over - 0 runs, 0 hits, 0 errors, 0 left on base; Pittsburgh 0 - Philadelphia (CL) 0 |
| TOP OF THE 2ND |
|
Pittsburgh Pirates batting - Pitching for Philadelphia (CL) Phillies : RHP Johnny Cueto
|
|
Batting: LHB Johnny Mize
|
0-0: Called Strike 0-1: Fly out, F9 (Line Drive, 9, EV 94.4 MPH)
|
|
Batting: RHB Sammy Sosa
|
0-0: Ball 1-0: Called Strike 1-1: Ground out 6-3 (Groundball, 6MD, EV 91.9 MPH)
|
|
Batting: SHB Matt Wieters
|
0-0: Swinging Strike 0-1: Swinging Strike 0-2: Strikes out swinging
|
| Top of the 2nd over - 0 runs, 0 hits, 0 errors, 0 left on base; Pittsburgh 0 - Philadelphia (CL) 0 |
| BOTTOM OF THE 2ND |
|
Philadelphia (CL) Phillies batting - Pitching for Pittsburgh Pirates : RHP Lee Meadows
|
|
Batting: LHB Len G Gabrielson
|
0-0: Ball 1-0: Called Strike 1-1: Ball 2-1: Called Strike 2-2: Strikes out swinging
|
|
Batting: LHB Al Wingo
|
0-0: Ball 1-0: Ball 2-0: Ground out U3 (Groundball, 23, EV 93.8 MPH)
|
|
Batting: RHB Ray Knight
|
0-0: Called Strike 0-1: Ball 1-1: Ball 2-1: Swinging Strike 2-2: SINGLE (Line Drive, 9S, EV 87.5 MPH)
|
|
Batting: LHB Terry Kennedy
|
0-0: Called Strike 0-1: Foul Ball, location: 2F 0-2: Ball 1-2: Foul Ball, location: 2F 1-2: Ball 2-2: Foul Ball, location: 2F 2-2: Fly out, F7 (Line Drive, 78M, EV 95.6 MPH)
|
| Bottom of the 2nd over - 0 runs, 1 hit, 0 errors, 1 left on base; Pittsburgh 0 - Philadelphia (CL) 0 |
| TOP OF THE 3RD |
|
Pittsburgh Pirates batting - Pitching for Philadelphia (CL) Phillies : RHP Johnny Cueto
|
|
Batting: RHB Mike Lowell
|
0-0: Swinging Strike 0-1: Foul Ball, location: 2F 0-2: Ball 1-2: Ball 2-2: Ball 3-2: Base on Balls
|
|
Batting: RHB Juan Uribe
|
0-0: Ball 1-0: Ball 2-0: Ball 3-0: Base on Balls Mike Lowell to second
|
|
Batting: LHB Lee Meadows
|
0-0: Ball 1-0: Bunted foul 1-1: Ball 2-1: Sac Bunt to 25 - play at first, batter OUT! 5-4 Mike Lowell to third Juan Uribe to second
|
|
Batting: LHB Clyde Milan
|
0-0: Ball 1-0: Ball 2-0: Foul Ball, location: 2F 2-1: Ball 3-1: Called Strike 3-2: Fly out, F8 (Flyball, 8LXD, EV 101.9 MPH) Runner from 3rd tags up, SCORES, no throw by CF
|
|
Batting: RHB Creepy Crespi
|
0-0: SINGLE (Line Drive, 34D, EV 95.0 MPH) Juan Uribe to third Runner from 3rd tries for Home, SAFE, throw by RF to home Creepy Crespi to second
|
|
Batting: RHB Frank Robinson
|
0-0: Called Strike 0-1: Hit by Pitch
|
|
Batting: LHB Johnny Mize
|
0-0: Called Strike 0-1: Ball 1-1: Ball 2-1: Called Strike 2-2: Foul Ball, location: 2F 2-2: Ground out 4-3 (Groundball, 4, EV 90.0 MPH)
|
| Top of the 3rd over - 2 runs, 1 hit, 0 errors, 2 left on base; Pittsburgh 2 - Philadelphia (CL) 0 |
| BOTTOM OF THE 3RD |
|
Philadelphia (CL) Phillies batting - Pitching for Pittsburgh Pirates : RHP Lee Meadows
|
|
Batting: SHB Wilson Betemit
|
0-0: Called Strike 0-1: Ball 1-1: Ball 2-1: Fly out, F6 (Popup, 6M, EV 61.3 MPH)
|
|
Batting: RHB Johnny Cueto
|
0-0: Swinging Strike 0-1: Fly out, F9 (Flyball, 9LS, EV 80.6 MPH)
|
|
Batting: LHB Omar Moreno
|
0-0: SINGLE (Groundball, 25, EV 67.5 MPH) (infield hit)
|
|
Batting: RHB Dave Cash
|
0-0: Ball Omar Moreno is caught stealing 2nd base 2-4
|
| Bottom of the 3rd over - 0 runs, 1 hit, 0 errors, 0 left on base; Pittsburgh 2 - Philadelphia (CL) 0 |
| TOP OF THE 4TH |
|
Pittsburgh Pirates batting - Pitching for Philadelphia (CL) Phillies : RHP Johnny Cueto
|
|
Batting: RHB Sammy Sosa
|
0-0: Called Strike 0-1: Ball 1-1: Ball 2-1: Foul Ball, location: 2F 2-2: Fly out, F9 (Flyball, 9LD, EV 92.5 MPH)
|
|
Batting: SHB Matt Wieters
|
0-0: Swinging Strike 0-1: Ball 1-1: Called Strike 1-2: Ball 2-2: Ball 3-2: Base on Balls
|
|
Batting: RHB Mike Lowell
|
0-0: Ball 1-0: Fly out, F9 (Flyball, 9, EV 94.4 MPH)
|
|
Batting: RHB Juan Uribe
|
0-0: Ball 1-0: Ball 2-0: Ball 3-0: Called Strike 3-1: SINGLE (Line Drive, 4M, EV 99.4 MPH) Matt Wieters to second Runner from 2nd tries for 3rd, OUT! 8-5
|
| Top of the 4th over - 0 runs, 1 hit, 0 errors, 1 left on base; Pittsburgh 2 - Philadelphia (CL) 0 |
| BOTTOM OF THE 4TH |
|
Philadelphia (CL) Phillies batting - Pitching for Pittsburgh Pirates : RHP Lee Meadows
|
|
Batting: RHB Dave Cash
|
0-0: Ball 1-0: Called Strike 1-1: Ground out 5-3 (Groundball, 5, EV 80.6 MPH)
|
|
Batting: LHB Greasy Neale
|
0-0: Ball 1-0: Fly out, F3 (Popup, 3SF, EV 84.4 MPH)
|
|
Batting: LHB Len G Gabrielson
|
0-0: Ball 1-0: Foul Ball, location: 2F 1-1: Foul Ball, location: 2F 1-2: Foul Ball, location: 2F 1-2: Ball 2-2: Foul Ball, location: 2F 2-2: Ball 3-2: Foul Ball, location: 2F 3-2: Foul Ball, location: 2F 3-2: Fly out, F3 (Flyball, 3D, EV 76.9 MPH)
|
| Bottom of the 4th over - 0 runs, 0 hits, 0 errors, 0 left on base; Pittsburgh 2 - Philadelphia (CL) 0 |
| TOP OF THE 5TH |
|
Pittsburgh Pirates batting - Pitching for Philadelphia (CL) Phillies : RHP Johnny Cueto
|
|
Batting: LHB Lee Meadows
|
0-0: Ball 1-0: Fly out, F8 (Line Drive, 8RD, EV 106.9 MPH)
|
|
Batting: LHB Clyde Milan
|
0-0: Ball 1-0: Ball 2-0: Ground out 4-3 (Groundball, 4MD, EV 102.5 MPH)
|
|
Batting: RHB Creepy Crespi
|
0-0: Ball 1-0: Foul Ball, location: 2F 1-1: Foul Ball, location: 2F 1-2: Strikes out looking
|
| Top of the 5th over - 0 runs, 0 hits, 0 errors, 0 left on base; Pittsburgh 2 - Philadelphia (CL) 0 |
| BOTTOM OF THE 5TH |
|
Philadelphia (CL) Phillies batting - Pitching for Pittsburgh Pirates : RHP Lee Meadows
|
|
Batting: LHB Al Wingo
|
0-0: Swinging Strike 0-1: Ball 1-1: Called Strike 1-2: Ground out 3-1 (Groundball, 34, EV 88.1 MPH)
|
|
Batting: RHB Ray Knight
|
0-0: Ball 1-0: Ground out 6-3 (Groundball, 6, EV 103.1 MPH)
|
|
Batting: LHB Terry Kennedy
|
0-0: Called Strike 0-1: Ball 1-1: Ball 2-1: Ball 3-1: Swinging Strike 3-2: SINGLE (Line Drive, 34D, EV 95.6 MPH)
|
|
Batting: SHB Wilson Betemit
|
0-0: Ground out 4-3 (Groundball, 4, EV 84.4 MPH)
|
| Bottom of the 5th over - 0 runs, 1 hit, 0 errors, 1 left on base; Pittsburgh 2 - Philadelphia (CL) 0 |
| TOP OF THE 6TH |
|
Pittsburgh Pirates batting - Pitching for Philadelphia (CL) Phillies : RHP Johnny Cueto
|
|
Batting: RHB Frank Robinson
|
0-0: Called Strike 0-1: Ball 1-1: Swinging Strike 1-2: Foul Ball, location: 2F 1-2: Strikes out swinging
|
|
Batting: LHB Johnny Mize
|
0-0: Ball 1-0: Ball 2-0: Called Strike 2-1: Foul Ball, location: 2F 2-2: Ground out 4-3 (Groundball, 34, EV 84.4 MPH)
|
|
Batting: RHB Sammy Sosa
|
0-0: Called Strike 0-1: Ball 1-1: Called Strike 1-2: Foul Ball, location: 2F 1-2: Ball 2-2: Ball 3-2: Ground out 5-3 (Groundball, 56, EV 85.6 MPH)
|
| Top of the 6th over - 0 runs, 0 hits, 0 errors, 0 left on base; Pittsburgh 2 - Philadelphia (CL) 0 |
| BOTTOM OF THE 6TH |
|
Philadelphia (CL) Phillies batting - Pitching for Pittsburgh Pirates : RHP Lee Meadows
|
|
Batting: RHB Johnny Cueto
|
0-0: Ground out 6-3 (Groundball, 56, EV 105.6 MPH)
|
|
Batting: LHB Omar Moreno
|
0-0: Ball 1-0: Ball 2-0: Ball 3-0: Called Strike 3-1: Called Strike 3-2: Strikes out swinging
|
|
Batting: RHB Dave Cash
|
0-0: Ball 1-0: Called Strike 1-1: Ball 2-1: Fly out, F8 (Line Drive, 8RM, EV 103.8 MPH)
|
| Bottom of the 6th over - 0 runs, 0 hits, 0 errors, 0 left on base; Pittsburgh 2 - Philadelphia (CL) 0 |
| TOP OF THE 7TH |
|
Pittsburgh Pirates batting - Pitching for Philadelphia (CL) Phillies : RHP Johnny Cueto
|
|
Batting: SHB Matt Wieters
|
0-0: SINGLE (Line Drive, 8LS, EV 99.4 MPH)
|
|
Batting: RHB Mike Lowell
|
0-0: Fly out, F8 (Flyball, 8RD, EV 77.5 MPH)
|
|
Batting: RHB Juan Uribe
|
0-0: Called Strike 0-1: Ball 1-1: Ball 2-1: Ball 3-1: Foul Ball, location: 2F 3-2: Grounds into double play, 4-6-3 (Groundball, 4, EV 108.1 MPH)
|
| Top of the 7th over - 0 runs, 1 hit, 0 errors, 0 left on base; Pittsburgh 2 - Philadelphia (CL) 0 |
| BOTTOM OF THE 7TH |
|
Philadelphia (CL) Phillies batting - Pitching for Pittsburgh Pirates : RHP Lee Meadows
|
|
Batting: LHB Greasy Neale
|
0-0: Called Strike 0-1: Swinging Strike 0-2: Ball 1-2: Ball 2-2: SINGLE (Line Drive, 8LS, EV 101.9 MPH)
|
|
Batting: LHB Len G Gabrielson
|
0-0: Foul Ball, location: 2F 0-1: Ball 1-1: 2-RUN HOME RUN (Flyball, 7D, EV 95.6 MPH), Distance : 379 ft
|
|
Pitching: LHP Jose Rosado
|
|
|
Now at SS: Scott Stahoviak
|
|
|
Batting: LHB Al Wingo
|
0-0: Swinging Strike 0-1: Ball 1-1: SINGLE (Groundball, 3D, EV 95.0 MPH)
|
|
Batting: RHB Ray Knight
|
0-0: Called Strike 0-1: Grounds into double play, 5-4-3 (Groundball, 5, EV 90.0 MPH)
|
|
Batting: LHB Terry Kennedy
|
0-0: Fly out, F9 (Flyball, 89M, EV 95.0 MPH)
|
| Bottom of the 7th over - 2 runs, 3 hits, 0 errors, 0 left on base; Pittsburgh 2 - Philadelphia (CL) 2 |
| TOP OF THE 8TH |
|
Pittsburgh Pirates batting - Pitching for Philadelphia (CL) Phillies : RHP Johnny Cueto
|
|
Batting: LHB Scott Stahoviak
|
0-0: Ball 1-0: Called Strike 1-1: Foul Ball, location: 2F 1-2: Strikes out swinging
|
|
Pitching: RHP Garland Shifflett
|
|
|
Batting: LHB Clyde Milan
|
0-0: Ball 1-0: SINGLE (Groundball, 34S, EV 63.1 MPH) (infield hit)
|
|
Batting: RHB Creepy Crespi
|
0-0: Ball 1-0: Ball Clyde Milan steals 2nd base 2-0: Ball 3-0: SINGLE (Line Drive, 5D, EV 104.4 MPH) Clyde Milan to third Runner from 3rd tries for Home, SAFE, throw by LF to home
|
|
Batting: RHB Frank Robinson
|
0-0: Called Strike 0-1: Foul Ball, location: 2F 0-2: Strikes out swinging
|
|
Batting: LHB Johnny Mize
|
0-0: Called Strike 0-1: Ball 1-1: Ball 2-1: SINGLE (Groundball, 4MD, EV 93.8 MPH) Creepy Crespi to second Runner from 2nd tries for 3rd, SAFE, no throw by CF
|
|
Batting: RHB Sammy Sosa
|
0-0: Ball 1-0: Ball 2-0: Foul Ball, location: 2F 2-1: Ball 3-1: Swinging Strike 3-2: DOUBLE (Flyball, 89D, EV 105.6 MPH) Creepy Crespi scores Johnny Mize to third Johnny Mize scores
|
|
Pitching: RHP Homer Bailey
|
|
|
Batting: SHB Matt Wieters
|
0-0: Called Strike Sammy Sosa steals 3rd base 0-1: Swinging Strike 0-2: Strikes out swinging
|
| Top of the 8th over - 3 runs, 4 hits, 0 errors, 1 left on base; Pittsburgh 5 - Philadelphia (CL) 2 |
| BOTTOM OF THE 8TH |
|
Philadelphia (CL) Phillies batting - Pitching for Pittsburgh Pirates : LHP Jose Rosado
|
|
Batting: SHB Wilson Betemit
|
0-0: Ball 1-0: Ball 2-0: Called Strike 2-1: Ball 3-1: Called Strike 3-2: Base on Balls
|
|
Pinch Hitting: RHB Eric Davis
|
0-0: Ball 1-0: Bunted foul 1-1: Ball 2-1: Ball 3-1: Called Strike 3-2: Base on Balls Wilson Betemit to second
|
|
Batting: LHB Omar Moreno
|
0-0: Swinging Strike 0-1: Called Strike 0-2: Ball 1-2: Ball 2-2: Ball Wild Pitch! Wilson Betemit to third Eric Davis to second 3-2: Ground out U3 (Groundball, 3, EV 91.3 MPH)
|
|
Batting: RHB Dave Cash
|
0-0: Fly out, F7 (Line Drive, 7LM, EV 96.9 MPH) Runner from 3rd tags up, SCORES, no throw by LF
|
|
Batting: LHB Greasy Neale
|
0-0: Ball 1-0: Called Strike 1-1: Swinging Strike 1-2: Ball 2-2: Ball 3-2: Strikes out swinging
|
| Bottom of the 8th over - 1 run, 0 hits, 0 errors, 1 left on base; Pittsburgh 5 - Philadelphia (CL) 3 |
| TOP OF THE 9TH |
|
Pittsburgh Pirates batting - Pitching for Philadelphia (CL) Phillies : RHP Homer Bailey
|
|
Pitching: RHP Red Munger
|
|
|
Batting: RHB Mike Lowell
|
0-0: Called Strike 0-1: Ball 1-1: Swinging Strike 1-2: Strikes out swinging
|
|
Batting: LHB Jose Rosado
|
0-0: Called Strike 0-1: Ball 1-1: Ground out 1-3 (Groundball, 34S, EV 69.4 MPH)
|
|
Batting: LHB Scott Stahoviak
|
0-0: Ball 1-0: Called Strike 1-1: Ball 2-1: Swinging Strike 2-2: Ball 3-2: Strikes out swinging
|
| Top of the 9th over - 0 runs, 0 hits, 0 errors, 0 left on base; Pittsburgh 5 - Philadelphia (CL) 3 |
| BOTTOM OF THE 9TH |
|
Philadelphia (CL) Phillies batting - Pitching for Pittsburgh Pirates : LHP Jose Rosado
|
|
Batting: LHB Len G Gabrielson
|
0-0: Called Strike 0-1: Swinging Strike 0-2: Ball 1-2: Ground out U3 (Groundball, 3L, EV 98.1 MPH)
|
|
Batting: LHB Al Wingo
|
0-0: Called Strike
|
|
|